 Dungeon Crawl Stone Soup version 0.31-a0-750-gfe7b580527 (webtiles) character file.

Game seed: 3762341558422072600

19987 thriggle the Frost Mage (level 12, -3/92 HPs)
             Began as a Barachi Ice Elementalist on Sept 14, 2023.
             Was a High Priest of Vehumet.
             Slain by a minotaur
             ... wielding a +1 hand cannon of draining
              (30 damage)
             ... in a Gauntlet on Sept 15, 2023.
             The game lasted 01:52:27 (13478 turns).

thriggle the Frost Mage (Barachi Ice Elementalist) Turns: 13478, Time: 01:52:27

Health: -3/92      AC:  4    Str: 11    XL:     12   Next: 74%
Magic:  31/31      EV: 15    Int: 24    God:    Vehumet [*****.]
Gold:   1065       SH:  0    Dex: 14    Spells: 0/24 levels left

rFire   . . .        w - +5 demon trident (heavy)
rCold   + . .        J - orb {*channel}
rNeg    . . .        b - +1 robe {Will+}
rPois   .            (no helmet)
rElec   .            o - -2 cloak of the Louse {rF+ Will+ MP+9 Slay+4}
rCorr   .            g - +0 pair of gloves
SInv    .            k - +0 pair of boots
Will    ++...        (no amulet)
Stlth   +++          P - ring of ice
HPRegen 0.35/turn    q - +6 ring of intelligence
MPRegen 0.22/turn

%: no teleportation, clarity, channel magic (20%)
@: unable to hop, hasted, quick
A: amphibious, slowness 1, strong legs 1, +LOS, talons 1, clarity
a: Hop, Renounce Religion


You were in a Gauntlet.
You worshipped Vehumet.
Vehumet was extremely pleased with you.
You visited 2 branches of the dungeon, and saw 14 of its levels.
You also visited: Gauntlet.

You collected 1065 gold pieces.

Inventory:

Hand Weapons
 l - a +2 mace of holy wrath
 u - a +7 war axe
 w - a +5 heavy demon trident (weapon)
 y - a +0 flail of protection
 I - a +3 trident of draining
 X - the +8 Vampire's Tooth {megavamp}
   (You found it on level 12 of the Dungeon)
Missiles
 a - 136 stones
 f - 62 poisoned darts
 x - 2 datura-tipped darts
 G - 5 boomerangs
 K - 3 curare-tipped darts
 T - 5 atropa-tipped darts
Armour
 b - a +1 robe of willpower (worn)
 d - the +1 leather armour of Orewaeg {rN+++ Int+6 Dex-5}
   (You found it in a Gauntlet)

   Int+6:     It affects your intelligence (+6).
   Dex-5:     It affects your dexterity (-5).
   rN+++:     It renders you almost immune to negative energy.
 g - a +0 pair of gloves (worn)
 k - a +0 pair of boots (worn)
 o - the -2 cloak of the Louse (worn) {rF+ Will+ MP+9 Slay+4}
   (You found it on level 4 of the Dungeon)

   Slay+4:    It affects your accuracy & damage with ranged weapons and melee
   (+4).
   rF+:       It protects you from fire.
   Will+:     It increases your willpower.
   MP+9:      It affects your magic capacity (+9).
 C - a +2 kite shield
 J - an orb of energy (worn)
 Q - a +2 robe of cold resistance
 U - a +1 robe of cold resistance
 Y - a +2 hat of willpower
 Z - the +0 helmet "Ikoed" {rN+ Str+3 Dex+3}
   (You found it in a Gauntlet)

   Str+3:     It affects your strength (+3).
   Dex+3:     It affects your dexterity (+3).
   rN+:       It protects you from negative energy.
Magical Staves
 m - a staff of cold
 D - a staff of conjuration
 V - a staff of air
Jewellery
 e - a ring of poison resistance
 q - a +6 ring of intelligence (right hand)
 v - a ring of willpower
 P - a ring of ice (left hand)
Talismans
 j - a beast talisman
 E - a blade talisman
 W - a flux talisman
Wands
 r - a wand of flame (32)
 z - a wand of paralysis (22)
 L - a wand of mindburst (19)
 O - a wand of light (5)
 R - a wand of roots (6)
Scrolls
 h - 2 scrolls of teleportation
 n - 2 scrolls of fear
 t - a scroll of blinking
 A - 2 scrolls of torment
 F - a scroll of acquirement
 N - a scroll of revelation
 S - a scroll of vulnerability
Potions
 c - a potion of haste
 i - 2 potions of brilliance
 p - 2 potions of might
 s - a potion of curing
 B - 2 potions of mutation
 M - 2 potions of cancellation
Miscellaneous
 H - a lightning rod (3/4)


   Skills:
 + Level 7.8 Fighting
 - Level 2.0 Long Blades
 - Level 4.0(4.9) Polearms
 + Level 4.9(5.7) Staves
 - Level 5.6 Throwing
 + Level 7.6 Dodging
 + Level 6.8 Stealth
 - Level 1.0 Shields
 + Level 6.9 Spellcasting
 + Level 6.7 Conjurations
 + Level 3.2 Hexes
 - Level 3.0 Translocations
 + Level 9.3 Ice Magic
 + Level 6.2 Air Magic
 - Level 3.0 Poison Magic
 + Level 6.8 Evocations


You couldn't memorise any spells.
You knew the following spells:

 Your Spells              Type           Power      Damage    Failure   Level
a - Iskenderun's Mystic   Conj/Tloc      31%        2d8       7%          4
b - Frozen Ramparts       Ice            100%       1d16      1%          3
c - Ozocubu's Armour      Ice            68%        N/A       3%          3
d - Shock                 Conj/Air       100%       1d9       1%          1
e - Swiftness             Air            38%        N/A       7%          3
f - Airstrike             Air            19%        2d(3-19)  4%          4
g - Foxfire               Conj/Fire      96%        2x1d8     2%          1
h - Poisonous Vapours     Pois/Air       60%        N/A       1%          2
i - Tukima's Dance        Hex            23%        N/A       17%         3

Your spell library contained the following spells:

 Spells                   Type           Power      Damage    Failure   Level
 Orb of Destruction       Conj           20%        9d8       78%         7
 Freeze                   Ice            100%       1d10      1%          1
 Fireball                 Conj/Fire      12%        3d7       24%         5
 Summon Ice Beast         Ice/Summ       46%        N/A       26%         4
 Cause Fear               Hex            11%        N/A       38%         4
 Dimensional Bullseye     Hex/Tloc       11%        N/A       41%         4
 Dragon's Call            Summ           4%         N/A       100%        9


Dungeon Overview and Level Annotations

Branches:
Dungeon (13/15)            Temple (1/1) D:4            Lair (0/5) D:10
    Orc (0/2) D:10        Gauntlet (1/1)
 Vaults: D:13-14

Altars:
Ashenzari
Cheibriados
Dithmenos
Elyvilon
Fedhas
Gozag
Hepliaklqana
Kikubaaqudgha
Makhleb
Nemelex Xobeh
Okawaru
Qazlal
Ru
Sif Muna
Trog
Uskayaw
Vehumet
Wu Jian
Xom
Yredelemnul
Zin
The Shining One

Shops:
D:5 (

Annotations:
D:7 Dittersdorf's ghost, novice GrFi
D:10 exclusion: obsidian statue Gauntlet 4 transporters, 3 runed translucent doors


Innate Abilities, Weirdness & Mutations

You are amphibious.
You cover ground slowly.
You can hop short distances.
You have an extended range of vision and can be seen from far away.
You have sharp toenails.
You possess an exceptional clarity of mind.


Message History

The bolt of lightning hits you!!! The bolt of lightning hits you!!
* * * LOW HITPOINT WARNING * * *
The bolt of lightning hits the blizzard demon.
The blizzard demon completely resists.
Found a gate leading back out of this place.
Okay, then.
Blink to where?
Press: ? - help, Dir - move target
As you read the scroll of blinking, it crumbles to dust.
Okay, then.
You feel better.
Okay, then.
Okay, then.
Okay, then.
Okay, then.
Casting: Poisonous Vapours (safe; 1% risk of failure)
Confirm with . or Enter, or press ? or * to list all spells.
Okay, then.
Hop to where?
Press: ? - help, Dir - move target Boing!
You open the door.
A minotaur comes into view.
It is wielding a +1 hand cannon of draining and wearing the ring "Naihoz" {rElec rPois MP+9 Int-3 SInv}.
Found four items.
Found a gate leading back out of this place.
Casting: Poisonous Vapours (safe; 1% risk of failure)
Confirm with . or Enter, or press ? or * to list all spells.
Aiming: Tukima's Dance (dangerous; 17% risk of failure)
Press: ? - help, Shift-Dir - straight line, f - minotaur
Aim: a minotaur, wielding a +1 hand cannon of draining, wearing a +0 plate armour, wearing the ring "Naihoz" {rElec rPois MP+9 Int-3 SInv} and quivering javelins (wandering, hasn't noticed you, chance to affect: 3%)
Okay, then.
Casting: Tukima's Dance (dangerous; 17% risk of failure)
Confirm with . or Enter, or press ? or * to list all spells.
Okay, then.
Blink to where?
Press: ? - help, Dir - move target
As you read the scroll of blinking, it crumbles to dust.
Z - the +0 helmet "Ikoed" {rN+ Str+3 Dex+3} The minotaur hits you with a +1 hand cannon of draining!!
You die...

##### #8∩8#
#@H=# #8.8#
###?.[#
###8.#8.8#
#....#...#
#.#..#8.8# #
#.#..##'##..#.#
#......§......#
#.#.##.#.##.#.#


You could see a minotaur.

Vanquished Creatures
  Fannar (D:10)
  A centaur warrior (D:8)
  3 two-headed ogres
  Pikel (D:8)
  An orc knight (D:11)
  2 deep elf pyromancers (D:12)
  An orc sorcerer (D:12)
  Maurice (D:9)
  3 centaur zombies (D:10)
  A moth of wrath (Gauntlet)
  Jeremiah (D:9)
  Psyche (D:10)
  A kobold demonologist (D:12)
  2 trolls (D:12)
  The ghost of Age the Blocker, an amateur MiFi (D:5)
  4 tyrant leeches (D:12)
  2 hornets (Gauntlet)
  6 slime creatures (D:12)
  Sigmund (D:2)
  4 wraiths
  3 vampires
  24 yaks
  An unseen horror simulacrum (D:10)
  A vampire mosquito (D:12)
  A steam dragon (D:7)
  Edmund (D:4)
  An acid dragon (D:10)
  Duvessa (D:5)
  3 water moccasins
  3 orc warriors (D:9)
  4 ice beasts
  5 wolves (Gauntlet)
  2 ogres (D:4)
  3 lemures (D:8)
  3 phantoms
  2 gnoll sergeants
  3 kobold brigands
  A bullfrog (D:7)
  2 scorpions (D:5)
  4 wights (D:6)
  Dowan (D:5)
  9 killer bees
  6 howler monkeys
  A quasit (D:5)
  4 hounds
  A jelly (D:6)
  6 orc priests
  7 iguanas
  Ijyb (D:4)
  5 orc wizards
  A centaur simulacrum (D:7)
  A killer bee simulacrum (D:7)
  2 adders
  11 gnolls
  6 shadow imps
  5 white imps (D:7)
  4 ufetubi
  2 dart slugs
  2 worms
  71 orcs
  6 ball pythons
  5 bats
  11 endoplasms
  A giant cockroach (D:2)
  6 goblins
  4 hobgoblins
  12 jackals
  30 kobolds
  5 quokkas
  6 frilled lizards
  6 rats
344 creatures vanquished.

Vanquished Creatures (others)
  A white imp (D:7)
  15 foxfires
16 creatures vanquished.

Grand Total: 360 creatures vanquished

Notes
Turn   | Place    | Note
-------+----------+-------------------------------------------
     0 | D:1      | thriggle the Barachi Ice Elementalist began the quest for
                  | the Orb.
     0 | D:1      | Reached XP level 1. HP: 13/13 MP: 3/3
   109 | D:1      | Reached XP level 2. HP: 15/20 MP: 0/5
   371 | D:1      | Reached skill level 5 in Ice Magic
   435 | D:1      | Reached skill level 1 in Fighting
   715 | D:1      | Reached XP level 3. HP: 23/26 MP: 6/6
   719 | D:1      | Learned a level 3 spell: Frozen Ramparts
  1060 | D:2      | Noticed Sigmund
  1120 | D:2      | Reached skill level 1 in Long Blades
  1480 | D:2      | Reached XP level 4. HP: 29/32 MP: 1/7
  1532 | D:2      | Learned a level 3 spell: Ozocubu's Armour
  1646 | D:2      | Learned a level 1 spell: Shock
  1669 | D:2      | Killed Sigmund
  1670 | D:2      | Reached skill level 1 in Throwing
  1670 | D:2      | Reached skill level 1 in Air Magic
  1670 | D:2      | Reached XP level 5. HP: 27/38 MP: 3/9
  1747 | D:3      | Reached XP level 6. HP: 44/44 MP: 3/10
  2548 | D:3      | Identified the +5 scale mail of Jismimacw {Rampage rPois
                  | rC- Dex-5}
  2774 | D:4      | Identified the -2 cloak of the Louse {rF+ Will+ MP+9
                  | Slay+4}
  2893 | D:4      | Found a staircase to the Ecumenical Temple.
  2897 | D:4      | Noticed Ijyb
  2913 | Temple   | Entered the Ecumenical Temple
  2942 | Temple   | Became a worshipper of Vehumet
  2967 | Temple   | Learned a level 3 spell: Swiftness
  2988 | D:4      | Killed Ijyb
  3034 | D:4      | Reached skill level 1 in Evocations
  3114 | D:4      | Reached skill level 1 in Staves
  3114 | D:4      | Reached skill level 1 in Conjurations
  3114 | D:4      | Reached XP level 7. HP: 34/51 MP: 11/11
  4002 | D:4      | Noticed Edmund
  4026 | D:4      | Killed Edmund
  4027 | D:4      | Reached skill level 6 in Ice Magic
  4118 | D:4      | Identified a scroll of acquirement
  4118 | D:4      | Acquired a +2 demon trident of venom
  4140 | D:5      | Entered Level 5 of the Dungeon
  4169 | D:5      | Reached XP level 8. HP: 58/58 MP: 13/13
  4174 | D:5      | Found a runed translucent gate.
  4176 | D:5      | Found a runed translucent gate.
  4176 | D:5      | Noticed Age's ghost (amateur MiFi)
  4184 | D:5      | Found a runed translucent gate.
  4376 | D:5      | Found Nunuo's Weapon Shop.
  4651 | D:5      | Noticed Duvessa
  4657 | D:5      | Killed Duvessa
  4674 | D:5      | Noticed Dowan
  4680 | D:5      | Killed Dowan
  4930 | D:5      | Reached skill level 1 in Polearms
  5367 | D:6      | Reached * piety under Vehumet
  5367 | D:6      | Offered knowledge of Foxfire by Vehumet.
  5653 | D:6      | Gained mutation: You have hidden genetic defects. [potion
                  | of mutation]
  5653 | D:6      | Gained mutation: You have sharp toenails. [potion of
                  | mutation]
  5654 | D:6      | Lost mutation: You have hidden genetic defects. [potion of
                  | mutation]
  5654 | D:6      | Lost mutation: You have sharp toenails. [potion of
                  | mutation]
  5654 | D:6      | Gained mutation: You have sharp toenails. [potion of
                  | mutation]
  5654 | D:6      | Gained mutation: You possess an exceptional clarity of
                  | mind. [potion of mutation]
  6026 | D:6      | Reached XP level 9. HP: 65/65 MP: 15/15
  6384 | D:7      | Learned a level 4 spell: Airstrike
  6386 | D:7      | Learned a level 1 spell: Foxfire
  6480 | D:7      | Noticed Dittersdorf's ghost (novice GrFi)
  6497 | D:7      | Found a runed translucent gate.
  6507 | D:7      | Found a runed translucent gate.
  6507 | D:7      | Found a runed translucent gate.
  6914 | D:7      | Reached skill level 5 in Dodging
  7057 | D:7      | Offered knowledge of Poisonous Vapours by Vehumet.
  7063 | D:7      | Reached ** piety under Vehumet
  7242 | D:7      | Reached skill level 7 in Ice Magic
  7427 | D:8      | Found a white marble altar of Elyvilon.
  7427 | D:8      | Noticed Pikel
  7438 | D:8      | Reached skill level 1 in Shields
  7439 | D:8      | Killed Pikel
  7440 | D:8      | Reached skill level 5 in Fighting
  7440 | D:8      | Reached XP level 10. HP: 72/74 MP: 17/17
  7725 | D:8      | Noticed a centaur warrior
  7729 | D:8      | Killed a centaur warrior
  7730 | D:8      | Reached skill level 5 in Stealth
  7730 | D:8      | Reached skill level 5 in Spellcasting
  7839 | D:8      | Learned a level 2 spell: Poisonous Vapours
  8262 | D:9      | Reached skill level 5 in Air Magic
  8344 | D:9      | Offered knowledge of Inner Flame by Vehumet.
  8495 | D:9      | Noticed Jeremiah
  8506 | D:9      | Killed Jeremiah
  8506 | D:9      | Reached *** piety under Vehumet
  8507 | D:9      | Reached skill level 1 in Poison Magic
  8533 | D:9      | Reached skill level 5 in Throwing
  8533 | D:9      | Reached skill level 5 in Conjurations
  8533 | D:9      | Reached skill level 5 in Evocations
  8687 | D:9      | Reached skill level 8 in Ice Magic
  8687 | D:9      | Reached XP level 11. HP: 79/81 MP: 19/19
  8712 | D:9      | Noticed Maurice
  8873 | D:9      | Killed Maurice
  8926 | D:9      | Found a shadowy altar of Dithmenos.
  8926 | D:9      | Found a sparkling altar of Nemelex Xobeh.
  8927 | D:9      | Found a bloodstained altar of Trog.
  8927 | D:9      | Found a glowing silver altar of Zin.
  8939 | D:9      | Found a snail-covered altar of Cheibriados.
  8940 | D:9      | Found a shimmering blue altar of Sif Muna.
  8967 | D:10     | Entered Level 10 of the Dungeon
  8989 | D:10     | Offered knowledge of Iskenderun's Mystic Blast by Vehumet.
  9001 | D:10     | Found a staircase to the Orcish Mines.
  9141 | D:10     | Noticed Psyche
  9147 | D:10     | Killed Psyche
  9165 | D:10     | Noticed an obsidian statue
  9192 | D:10     | Noticed Fannar
  9207 | D:10     | Killed Fannar
  9491 | D:10     | Found a staircase to the Lair.
  9539 | D:10     | Learned a level 4 spell: Iskenderun's Mystic Blast
  9730 | D:10     | Reached **** piety under Vehumet
 10091 | D:10     | Reached skill level 1 in Translocations
 10431 | D:5      | Killed Age's ghost
 10555 | D:7      | Offered knowledge of Iskenderun's Battlesphere by Vehumet.
 10781 | D:11     | Found a glowing golden altar of the Shining One.
 10872 | D:11     | Noticed a two-headed ogre
 10877 | D:11     | Killed a two-headed ogre
 10939 | D:11     | Reached skill level 1 in Hexes
 11153 | D:12     | Noticed a two-headed ogre
 11179 | D:12     | Noticed an orc knight
 11182 | D:12     | Noticed an orc sorcerer
 11196 | D:11     | Killed an orc knight
 11391 | D:12     | Killed an orc sorcerer
 11392 | D:12     | Reached XP level 12. HP: 91/91 MP: 19/21
 11818 | D:12     | Killed a two-headed ogre
 11958 | D:12     | Reached skill level 9 in Ice Magic
 12374 | D:12     | Noticed a two-headed ogre
 12396 | D:12     | Killed a two-headed ogre
 12549 | D:12     | Reached ***** piety under Vehumet
 12868 | D:12     | Offered knowledge of Orb of Destruction by Vehumet.
 12873 | D:12     | Learned a level 3 spell: Tukima's Dance
 12891 | D:12     | Found the +8 Vampire's Tooth {megavamp}
 13088 | D:13     | Found a gate leading to a gauntlet.
 13096 | Gauntlet | Entered a Gauntlet
 13096 | Gauntlet | Found a transporter.
 13102 | Gauntlet | Found a transporter.
 13104 | Gauntlet | Found a transporter.
 13108 | Gauntlet | Found a runed translucent door.
 13127 | Gauntlet | Found a transporter.
 13127 | Gauntlet | Found a runed translucent door.
 13146 | Gauntlet | Identified the +1 leather armour of Orewaeg {rN+++ Int+6
                  | Dex-5}
 13357 | Gauntlet | Found a transporter.
 13358 | Gauntlet | Found a runed translucent door.
 13363 | Gauntlet | Found a transporter.
 13366 | Gauntlet | Found a runed translucent door.
 13374 | Gauntlet | Noticed a blizzard demon
 13375 | Gauntlet | Found a transporter.
 13381 | Gauntlet | Noticed an entropy weaver
 13386 | Gauntlet | Found a transporter.
 13400 | Gauntlet | Found a transporter.
 13414 | Gauntlet | Noticed a death yak
 13414 | Gauntlet | Noticed a death yak
 13414 | Gauntlet | Noticed a death yak
 13415 | Gauntlet | Noticed a death yak
 13415 | Gauntlet | Noticed a death yak
 13462 | Gauntlet | Found a transporter.
 13476 | Gauntlet | Identified the ring "Naihoz" {rElec rPois MP+9 Int-3 SInv}
 13476 | Gauntlet | Noticed a minotaur
 13477 | Gauntlet | Identified the +0 helmet "Ikoed" {rN+ Str+3 Dex+3}
 13478 | Gauntlet | Slain by a minotaur

Illustrated notes

Levels and vault maps discovered:
D:1:      amcnicky_arrival_abandoned_market, layout_basic
D:2:      layout_loops_ring, corexii_shack, uniq_sigmund
D:3:      layout_rooms, corexii_hall_statues_deadend, serial_bayou_pond_d,
          lexackson_kobold_supper
D:4:      layout_basic, minmay_temple_entry_stoned_glass, minivault_23,
          dk_rats_in_the_wall, uniq_edmund, uniq_ijyb
D:5:      layout_loops_corners, gammafunk_ghost_nasty_kobolds, serial_demonic,
          serial_demonic_c, serial_demonic_b, serial_demonic_f,
          serial_demonic_e, serial_shops, nicolae_take_the_stairs, uniq_duvessa
D:6:      layout_loops_ring, hangedman_decor_clover_reticule
D:7:      layout_loops_ring, gammafunk_ghost_icy,
          chequers_serial_rivers_small_3, kennysheep_big_empty_room,
          minmay_joined_circles
D:8:      layout_basic, mainiacjoe_overflow_boulevard, uniq_maggie,
          uniq_prince_ribbit1, uniq_gastronok, uniq_pikel
D:9:      layout_rooms, minmay_overflow_temple_hex, special_room
          [special_room_orc], mrwooster_statue_mirror, minmay_misc_feat_room,
          uniq_jeremiah, uniq_maurice
D:10:     layout_long_grid, lair_entry_dummy, hiddenorc2_lemuel,
          hangedman_weighted_door, minmay_statue_bubble, uniq_psyche,
          uniq_fannar
D:11:     layout_cave_pools, corexii_corridor_pit, nicolae_tso_carved_into_rock
D:12:     nooodl_glass_maze, layout_small_grid,
          minmay_guarded_unrand_vampires_tooth
D:13:     layout_irregular_city, grunt_vaults_entry_tiered,
          gauntlet_entry_generic
Temple:   nicolae_temple_superstar
Gauntlet: minmay_gauntlet_77_tree [minmay_gauntlet_arena_77_terracotta_army,
          minmay_gauntlet_arena_77_shame_cube, minmay_gauntlet_arena_77_cramped,
          minmay_gauntlet_arena_77_double_cross,
          minmay_gauntlet_arena_77_squiggly, minmay_gauntlet_arena_77_braids,
          minmay_gauntlet_arena_77_mess, nicolae_gauntlet_exit_dead_adventurers]

Skill      XL: |  1  2  3  4  5  6  7  8  9 10 11 12 |
---------------+-------------------------------------+-----
Stealth        | 2 3 4 5 6 |  6.8
Ice Magic      | 5 6 7 8 9 |  9.3
Fighting       | 1 2 3 4 5 6 7 |  7.8
Long Blades    | 1 2 |  2.0
Throwing       | 1 2 3 4 5 |  5.6
Dodging        | 3 4 5 6 7 |  7.6
Air Magic      | 1 2 3 4 5 6 |  6.2
Spellcasting   | 3 4 5 6 |  6.9
Evocations     | 1 2 4 5 6 |  6.8
Staves         | 1 2 3 4 |  4.9
Conjurations   | 1 3 4 5 6 |  6.7
Polearms       | 1 3 4 |  4.0
Shields        | 1 |  1.0
Poison Magic   | 1 3 |  3.0
Translocations | 2 3 |  3.0
Hexes          | 1 3 |  3.2

Action                     |  1- 3 |  4- 6 |  7- 9 | 10-12 || total
---------------------------+-------+-------+-------+-------++-------
  Melee: Dagger            |    75 |    10 |       |       ||    85
         Staff             |       |    64 |     9 |     4 ||    77
         Punch             |       |     4 |     3 |       ||     7
         Short sword       |       |     3 |       |       ||     3
         Mace              |       |       |    40 |       ||    40
         Demon trident     |       |       |   105 |   189 ||   294
         Spear             |       |       |     2 |       ||     2
         War axe           |       |       |       |     3 ||     3
  Throw: Dart              |       |    11 |     8 |     5 ||    24
         Stone             |       |     7 |     2 |       ||     9
   Cast: Freeze            |    38 |     8 |     5 |       ||    51
         Frozen Ramparts   |     2 |    18 |    14 |    35 ||    69
         Shock             |       |     2 |     8 |     6 ||    16
         Ozocubu's Armour  |       |     8 |    19 |    33 ||    60
         Swiftness         |       |     1 |     2 |     1 ||     4
         Foxfire           |       |       |     1 |     8 ||     9
         Poisonous Vapours |       |       |       |    43 ||    43
         Airstrike         |       |       |       |    46 ||    46
         Iskenderun's Myst |       |       |       |     7 ||     7
Ability: Hop               |       |       |     2 |     5 ||     7
  Evoke: Wand              |       |       |     1 |       ||     1
         Lightning rod     |       |       |       |     3 ||     3
    Use: Scroll            |     5 |     1 |    13 |    11 ||    30
         Potion            |     2 |     1 |     3 |    10 ||    16
   Stab: Sleeping          |     5 |       |     2 |     5 ||    12
         Distracted        |       |       |     1 |       ||     1
 Armour: Robe              |    60 |    59 |   116 |   234 ||   469
  Dodge: Dodged            |    65 |    49 |   110 |   213 ||   437

Table legend: (Time is in decaauts)
 A = Elapsed time spent in this place.
 B = Non-inter-level travel time spent in this place.
 C = Inter-level travel time spent in this place.
 D = Time resting spent in this place.
 E = Time spent auto-exploring this place.
 F = Levels seen in this place.
 G = Mean time per level.
                   A        B        C        D        E       F      G
               +--------+--------+--------+--------+--------+-----+--------+
         Total |  15307 |  14519 |    788 |   1952 |   8077 |  15 | 1020.5 |
       Dungeon |  14846 |  14058 |    788 |   1727 |   8077 |  13 | 1142.0 |
        Temple |     65 |     65 |      0 |      0 |      0 |   1 |   65.0 |
      Gauntlet |    396 |    396 |      0 |    225 |      0 |   1 |  396.0 |
               +--------+--------+--------+--------+--------+-----+--------+

Top non-repeatable levels by time:
    D:12: 1909 daAuts
     D:4: 1511 daAuts
     D:5: 1418 daAuts
    D:10: 1363 daAuts
     D:7: 1330 daAuts
     D:8: 1212 daAuts
     D:6: 1182 daAuts
     D:3: 1111 daAuts
     D:2: 1106 daAuts
     D:9: 1044 daAuts
     D:1: 849 daAuts
    D:11: 791 daAuts
Gauntlet: 396 daAuts
  Temple: 65 daAuts
    D:13: 14 daAuts
